Map: Ruins of Seras

Players

wabbajack

  • Race: Zerg Zerg
  • League: Gold

Risk - Winner!

  • Race: Protoss Protoss
  • League: Bronze

VOD

Have the link to the VOD?

Description

Time

  • Played on: July 21, 2015, 8:29 p.m.
  • Length: 13:32
Show
View Real Time Build Order
Export as new Build Order

wabbajack Zerg 

Build Orders: Hatch First 

Get SALT Encoding   

  12  0:01  Drone  
  13  0:16  Overlord  
  13  0:19  Drone  
  14  0:24  Drone, Extractor  
  14  0:28  Extractor  
  14  0:30  Drone  
  16  0:38  Drone  
  16  0:41  Extractor  
  16  0:49  Drone  
  17  1:02  Hatchery  
  16  1:05  Drone  
  17  1:11  Drone  
  18  1:28  Spawning Pool  
  18  1:30  Drone  
  18  1:39  Drone  
  19  1:52  Overlord  
  19  2:10  Drone x2  
  19  2:14  Queen  
  19  2:15  Queen  
  25  2:16  Metabolic Boost  
  25  2:19  Drone  
  25  2:20  Drone  
  27  2:30  Baneling Nest  
  27  2:34  Drone  
  27  2:35  Drone  
  28  2:40  Drone x2  
  30  2:51  Pneumatized Carapace  
  30  3:01  Zergling x6  
  30  3:02  Zergling x2  
  34  3:09  Overlord  
  34  3:12  Overlord  
  34  3:38  Baneling x2  
  34  3:39  Baneling x2  
  34  3:43  Zergling x4  
  34  3:46  Zergling x4  
  34  3:47  Zergling x4  
  40  3:51  Drone  
  40  3:52  Drone x3  
  44  3:57  Hatchery  
  44  4:00  Overlord  
  43  4:03  Drone x3  
  43  4:05  Drone  
  43  4:43  Zergling x8  
  43  4:44  Zergling x8  
  47  5:12  Zergling x2  
  47  5:13  Zergling x12  
  54  5:18  Baneling x3  
  53  5:27  Evolution Chamber, Lair  
  52  5:28  Evolution Chamber  
  52  5:30  Drone x3, Roach Warren  
  52  5:31  Drone x6  
  52  5:32  Queen  
  52  5:34  Overlord  
  61  5:42  Roach Warren  
  60  6:01  Overlord x2  
  60  6:02  Overlord  
  60  6:07  Overlord, Zerg Ground Armor Level 1  
  60  6:08  Overlord  
  60  6:10  Extractor  
  60  6:11  Drone x9, Extractor  
  60  6:12  Drone  
  54  7:16  Baneling  
  54  7:17  Baneling x2  
  54  7:21  Zerg Melee Weapons Level 1  
  54  7:27  Extractor  
  53  7:30  Extractor  
  53  7:32  Extractor  
  49  7:39  Drone x2  
  49  7:40  Drone  
  49  7:42  Drone x2  
  49  7:43  Drone x3  
  57  7:46  Drone x3  
  60  7:52  Roach  
  60  7:53  Roach x9  
  60  7:55  Overlord x2  
  80  8:01  Hatchery, Queen  
  80  8:02  Queen  
  80  8:03  Zergling x2  
  80  8:04  Zergling x4  
  86  8:05  Hatchery  
  86  8:09  Zergling x2  
  86  8:10  Zergling x8  
  74  8:21  Zergling x8  
  74  8:22  Zergling x14  
  61  8:39  Zergling x2  
  61  8:40  Zergling x12  
  51  8:52  Zergling x8  
  44  9:14  Zergling x2  
  44  9:15  Zergling x16  
  44  9:16  Zerg Missile Weapons Level 1  
  45  9:28  Queen x2  
  45  9:29  Queen x2  
  45  9:31  Zergling x14  
  48  9:39  Zergling x16  
  44  10:06  Drone x2  
  46  10:07  Drone  
  46  10:08  Drone x3  
  46  10:12  Drone x2  
  46  10:13  Drone  
  46  10:14  Drone  
  53  10:28  Nydus Network  
  52  10:40  Drone x2  
  52  10:41  Evolution Chamber, Drone x2  
  52  10:42  Evolution Chamber, Drone  
  55  10:43  Drone x3  
  49  11:13  Drone x2  
  49  11:14  Drone x4  
  54  11:27  Hydralisk Den  
  53  11:43  Zergling x18  
  53  11:44  Zergling x14  
  53  11:45  Hydralisk Den  
  68  11:56  Nydus Canal  
  54  12:11  Zergling x2  
  54  12:12  Zergling x30  
  56  12:27  Spine Crawler  
  56  12:29  Spine Crawler  
  53  12:30  Spine Crawler  
  44  12:42  Zergling x8  
  44  12:43  Zergling x10  
  43  12:53  Spore Crawler, Spine Crawler  
Show
View Real Time Build Order
Export as new Build Order

Risk Protoss - Winner!

Build Orders: Forge Fast Expand (FFE) 

Get SALT Encoding   

  12  0:00  Probe  
  13  0:22  Pylon  
  13  0:25  Probe  
  14  0:40  Probe  
  14  0:41  Forge  
  15  0:52  Probe  
  16  1:12  Nexus  
  16  1:15  Probe (Chrono Boost)  
  17  1:25  Probe (Chrono Boost)  
  18  1:30  Gateway  
  18  1:34  Probe  
  19  1:40  Assimilator  
  19  1:45  Pylon  
  19  2:04  Probe (Chrono Boost)  
  20  2:14  Probe (Chrono Boost)  
  21  2:17  Zealot (Chrono Boost)  
  23  2:28  Cybernetics Core  
  23  2:32  Probe (Chrono Boost)  
  25  2:39  Probe (Chrono Boost)  
  25  2:40  Pylon  
  25  2:49  Photon Cannon  
  25  2:50  Gateway  
  25  2:58  Probe  
  25  3:00  Warp Gate (Chrono Boost)  
  25  3:04  Robotics Facility  
  25  3:11  Probe, Assimilator  
  26  3:13  Probe  
  27  3:23  Probe  
  28  3:28  Gateway  
  28  3:30  Probe  
  29  3:43  Stalker  
  29  3:44  Zealot  
  29  3:46  Probe (Chrono Boost)  
  29  3:47  Probe (Chrono Boost), Assimilator  
  35  3:57  Observer (Chrono Boost)  
  35  3:58  Probe (Chrono Boost)  
  38  4:05  Probe (Chrono Boost), Assimilator  
  38  4:06  Probe (Chrono Boost)  
  39  4:13  Probe  
  39  4:18  Probe  
  39  4:22  Immortal (Chrono Boost)  
  44  4:25  Probe  
  45  4:32  Probe  
  46  4:39  Probe  
  46  4:40  Pylon  
  46  4:44  Probe  
  28  4:53  Probe  
  28  4:56  Probe  
  28  5:05  Probe  
  29  5:08  Probe  
  30  5:18  Probe (Chrono Boost)  
  30  5:20  Probe (Chrono Boost)  
  32  5:30  Probe (Chrono Boost)  
  32  5:32  Probe (Chrono Boost)  
  32  5:33  Immortal (Chrono Boost)  
  38  5:36  Zealot  
  38  5:37  Sentry  
  38  5:38  Sentry, Probe (Chrono Boost)  
  38  5:39  Probe (Chrono Boost)  
  46  5:49  Probe (Chrono Boost)  
  48  5:52  Probe (Chrono Boost)  
  48  5:53  Pylon  
  48  5:56  Probe (Chrono Boost)  
  49  5:59  Probe  
  49  6:00  Zealot  
  52  6:10  Immortal (Chrono Boost)  
  56  6:12  Zealot  
  56  6:13  Sentry  
  60  6:21  Gateway  
  60  6:23  Probe (Chrono Boost)  
  63  6:33  Probe (Chrono Boost)  
  63  6:34  Probe (Chrono Boost)  
  59  6:40  Probe  
  59  6:51  Zealot x3  
  51  7:04  Probe (Chrono Boost)  
  51  7:05  Probe (Chrono Boost)  
  51  7:16  Probe (Chrono Boost)  
  51  7:21  Probe (Chrono Boost)  
  52  7:24  Probe (Chrono Boost), Zealot  
  52  7:25  Sentry  
  52  7:28  Probe  
  58  7:33  Probe  
  59  7:43  Probe (Chrono Boost)  
  60  7:45  Probe (Chrono Boost)  
  61  7:55  Probe (Chrono Boost)  
  61  7:56  Probe (Chrono Boost)  
  63  8:02  Probe  
  63  8:04  Probe  
  65  8:14  Probe  
  65  8:16  Probe  
  67  8:26  Probe  
  66  8:28  Probe  
  67  8:37  Zealot x2  
  65  9:00  Probe x2  
  67  9:06  Pylon  
  67  9:08  Pylon  
  65  9:18  Immortal (Chrono Boost)  
  65  9:22  Nexus  
  65  9:25  Pylon  
  61  9:50  Probe x2  
  53  9:57  Immortal (Chrono Boost)  
  53  9:59  Pylon  
  57  10:02  Zealot x2  
  57  10:03  Stalker, Zealot  
  55  10:09  Probe (Chrono Boost)  
  55  10:13  Probe (Chrono Boost)  
  57  10:19  Pylon  
  58  10:21  Probe (Chrono Boost)  
  58  10:23  Gateway, Photon Cannon  
  58  10:25  Zealot  
  58  10:26  Stalker, Gateway, Zealot  
  58  10:28  Probe (Chrono Boost)  
  65  10:29  Protoss Ground Weapons Level 1 (Chrono Boost)  
  65  10:34  Probe  
  66  10:41  Pylon  
  66  10:57  Probe  
  66  11:00  Zealot  
  66  11:01  Zealot x3  
  71  11:09  Probe (Chrono Boost)  
  74  11:14  Probe x2 (Chrono Boost)  
  74  11:18  Immortal (Chrono Boost)  
  74  11:20  Probe (Chrono Boost)  
  74  11:25  Zealot x3  
  81  11:26  Probe, Zealot x2  
  81  11:28  Probe x2  
  81  11:32  Forge  
  92  11:33  Assimilator  
  92  11:35  Sentry, Pylon  
  92  11:38  Pylon  
  92  11:39  Probe  
  95  11:40  Probe x2  
  97  11:49  Stalker x3  
  97  11:51  Immortal, Probe  
  106  12:27  Zealot x2  
  106  12:28  Zealot x4  
  114  12:44  Immortal  
  118  13:03  Zealot x3  
  118  13:04  Zealot x3  
  120  13:20  Twilight Council, Pylon  
Tags
 
Add a new tag
Caveats
  • Supply blocks, unpowered buildings, or Contaminate may cause inaccurate times.
  • Supply counts are checked every 10 seconds.